 Dungeon Crawl Stone Soup version 0.28-a0-474-g535839065c (webtiles) character file.

Game seed: 11529255435041404376

192 TrogsFancyHat the Chopper (level 5, -3/48 HPs)
             Began as a Hill Orc Monk on Sept 15, 2021.
             Was a Believer of Beogh.
             Slain by a gnoll (5 damage)
             ... on level 4 of the Dungeon.
             The game lasted 00:07:55 (6557 turns).

TrogsFancyHat the Chopper (Hill Orc Monk)           Turns: 6557, Time: 00:07:55

Health: -3/48      AC:  8    Str: 15    XL:     5   Next: 71%
Magic:  5/5        EV: 11    Int: 10    God:    Beogh [**....]
Gold:   155        SH:  0    Dex: 13    Spells: 4/4 levels left

rFire   . . .      SeeInvis .   a - +0 hand axe
rCold   . . .      Faith    .   (no shield)
rNeg    . . .      Spirit   .   k - +0 ring mail
rPois   .          Reflect  .   (no helmet)
rElec   .          Harm     .   c - +2 cloak
rCorr   .          Rampage  .   (no gloves)
Will    .....                   (no boots)
Stlth   +.........              (no amulet)
HPRegen 0.16/turn               (no ring)
MPRegen 0.09/turn               (no ring)

@: lethally poisoned (-3 -> -4), lit by a corona, glowing
A: no striking features
a: Renounce Religion, Smiting


You were on level 4 of the Dungeon.
You worshipped Beogh.
Beogh was pleased with you.
You visited 1 branch of the dungeon, and saw 4 of its levels.

You collected 155 gold pieces.

Inventory:

Hand Weapons
 a - a +0 hand axe (weapon)
Armour
 c - a +2 cloak (worn)
 k - a +0 ring mail (worn)
Scrolls
 b - a scroll of fear {unknown}
 d - 10 scrolls of identify {unknown}
 e - a scroll of acquirement {unknown}
 f - 2 scrolls of teleportation {unknown}
 g - a scroll of silence {unknown}
 h - a scroll of immolation {unknown}
 j - a scroll of enchant armour {unknown}
Potions
 i - a potion of degeneration {unknown}


   Skills:
 + Level 5.2 Fighting
 + Level 5.7 Axes
 + Level 3.5 Dodging
 - Level 1.5 Stealth


You had 4 spell levels left.
You didn't know any spells.
Your spell library was empty.

Dungeon Overview and Level Annotations

Branches:
Dungeon (4/15)
 Temple: D:4-7

Altars:
Fedhas
Wu Jian
Xom

Annotations:
D:2 1 runed translucent door, Crazy Yiuf
D:4 Ijyb


Message History

The gnoll seems to speed up.
The gnoll hits you with a +0 flail.
You hit the gnoll.
The gnoll is heavily wounded.
You hit the gnoll but do no damage.
You hit the gnoll shaman but do no damage.
The gnoll closely misses you. The gnoll barely misses you.
The gnoll hits you from afar with a +0 spear.
The gnoll hits you from afar with a +2 spear of venom.
You are poisoned.
The gnoll barely misses you.
The gnoll shaman hits you with a +0 club.
You are too injured to fight recklessly!
You are too injured to fight recklessly!
You are too injured to fight recklessly!
You are too injured to fight recklessly!
You are too injured to fight recklessly!
You are too injured to fight recklessly!
You are too injured to fight recklessly!
You are too injured to fight recklessly!
You feel very sick.
The gnoll throws a throwing net.
The throwing net misses you. The gnoll barely misses you.
Things that are here:
a throwing net; a +0 short sword; 4 stones You feel sick.
The gnoll shaman calls upon its god to speed up the gnoll.
The gnoll seems to speed up.
You feel sick.
You feel sick.
The gnoll hits you from afar with a +0 spear.
* * * LOW HITPOINT WARNING * * *
* * * LOW HITPOINT WARNING * * *
You feel sick.
There is a stone staircase leading down here.
* * * LOW HITPOINT WARNING * * *
You feel sick.
* * * LOW HITPOINT WARNING * * *
You feel sick.
The gnoll hits you from afar with a +0 spear.
You die...

#.# #..^... ....... #.# #......
....... #.# #....P. ....... #.#
#...... .......
#.#########...... .......
#..........#..... .......#####
#..########......
.........gg####.....)........PP
........(gggg.@.....).....##...
....##########################.
.. ## #


You could see a gnoll shaman and 5 gnolls.

Vanquished Creatures
  A hound (D:3)
  An iguana (D:4)
  5 adders
  An ufetubus (D:4)
  A dart slug (D:1)
  An orc (D:4)
  4 bats
  7 endoplasms
  4 giant cockroaches
  6 goblins
  6 hobgoblins
  9 jackals
  7 quokkas
  5 ball pythons
  2 frilled lizards
  7 kobolds
  7 rats
74 creatures vanquished.

Vanquished Creatures (others)
  An orc (D:4)
  66 fungi (D:4)
67 creatures vanquished.

Grand Total: 141 creatures vanquished

Notes
Turn   | Place    | Note
-------+----------+-------------------------------------------
     0 | D:1      | TrogsFancyHat the Hill Orc Monk began the quest for the
                  | Orb.
     0 | D:1      | Reached XP level 1. HP: 19/19 MP: 1/1
   108 | D:1      | Reached XP level 2. HP: 26/27 MP: 2/2
   691 | D:1      | Reached XP level 3. HP: 33/33 MP: 3/3
  1410 | D:2      | Reached XP level 4. HP: 33/41 MP: 4/4
  1517 | D:2      | Noticed an ogre
  1979 | D:2      | Reached skill level 5 in Axes
  2055 | D:2      | Found a runed translucent door.
  2056 | D:2      | Noticed Crazy Yiuf
  3412 | D:3      | Found an ornate altar of the Wu Jian Council.
  3694 | D:4      | Noticed Ijyb
  5113 | D:4      | HP: 2/41 [Ijyb (6)]
  5118 | D:4      | HP: 1/41 [Ijyb (2)]
  5485 | D:3      | Reached XP level 5. HP: 47/47 MP: 5/5
  5539 | D:3      | Reached skill level 5 in Fighting
  6036 | D:4      | Became a worshipper of Beogh the Brigand
  6036 | D:4      | Reached * piety under Beogh
  6036 | D:4      | Reached ** piety under Beogh
  6106 | D:4      | Found a shimmering altar of Xom.
  6124 | D:4      | Found a blossoming altar of Fedhas.
  6557 | D:4      | HP: 2/48 [poisoned by a gnoll]
  6557 | D:4      | Slain by a gnoll

Illustrated notes

Levels and vault maps discovered:
D:1:      heliophobic_arrival_battle_scene, layout_basic,
          chequers_serial_rivers_room_a, hex_large, minmay_misc_feat_diagonals,
          chequers_serial_rivers_small_b
D:2:      layout_basic, minmay_quadrilaterals, uniq_crazy_yiuf_cottage
D:3:      layout_basic, nicolae_wu_jian_immortal_techniques
D:4:      layout_loops_ring, mainiacjoe_overflow_catch_the_wave, uniq_ijyb

Skill      XL: |  1  2  3  4  5 |
---------------+----------------+-----
Fighting       | 4 5 |  5.2
Dodging        | 3 |  3.5
Axes           | 5 |  5.7
Stealth        | |  1.5

Action                   |  1- 3 |  4- 6 || total
-------------------------+-------+-------++-------
Melee: Hand axe          |   129 |   223 ||   352
Invok: Convert to Beogh  |       |     1 ||     1
  Use: Potion            |       |     1 ||     1
 Stab: Sleeping          |     2 |     2 ||     4
Armor: Robe              |    50 |    42 ||    92
       Ring mail         |       |    67 ||    67
Dodge: Dodged            |    90 |   175 ||   265

Table legend: (Time is in decaauts)
 A = Elapsed time spent in this place.
 B = Non-inter-level travel time spent in this place.
 C = Inter-level travel time spent in this place.
 D = Time resting spent in this place.
 E = Time spent auto-exploring this place.
 F = Levels seen in this place.
 G = Mean time per level.
                   A        B        C        D        E       F      G
               +--------+--------+--------+--------+--------+-----+--------+
         Total |   6598 |   6430 |    168 |   1589 |   3755 |   4 | 1649.5 |
       Dungeon |   6598 |   6430 |    168 |   1589 |   3755 |   4 | 1649.5 |
               +--------+--------+--------+--------+--------+-----+--------+

Top non-repeatable levels by time:
     D:3: 2746 daAuts
     D:2: 1958 daAuts
     D:1: 1052 daAuts
     D:4: 841 daAuts
